 Dungeon Crawl Stone Soup version 0.20.1-1-g8b1a95d (webtiles) character file.

104 Linguinho the Digger (level 4, -1/24 HPs)
             Began as a Deep Elf Earth Elementalist on Oct 29, 2017.
             Was an Initiate of Qazlal.
             Killed by divine providence
             ... invoked by an orc priest
              (9 damage)
             ... on level 3 of the Dungeon.
             The game lasted 00:09:23 (2207 turns).

Linguinho the Digger (Deep Elf Earth Elementalist)  Turns: 2207, Time: 00:09:23

Health: -1/24      AC:  2    Str:  5    XL:     4   Next: 52%
Magic:  8/12       EV: 13    Int: 21    God:    Qazlal [......]
Gold:   161        SH:  0    Dex: 15    Spells: 5/11 levels left

rFire    . . .     SeeInvis .   a - +0 dagger
rCold    . . .     Gourm    .   (no shield)
rNeg     . . .     Faith    .   c - +0 robe
rPois    .         Spirit   .   (no helmet)
rElec    .         Reflect  .   (no cloak)
rCorr    .         Harm     .   (no gloves)
MR       .....                  (no boots)
Stlth    ++........             (no amulet)
Regen    0.1/turn               (no ring)
MPRegen  0.2/turn               (no ring)

@: no status effects
A: no striking features
a: Renounce Religion


You were on level 3 of the Dungeon.
You worshipped Qazlal.
Qazlal was noncommittal.
You were hungry.

You visited 1 branch of the dungeon, and saw 3 of its levels.

You collected 161 gold pieces.

Inventory:

Hand Weapons
 a - a +0 dagger (weapon)
Missiles
 q - 20 stones (quivered)
Armour
 c - a +0 robe (worn)
Jewellery
 f - an uncursed ring of stealth {unknown}
 o - an uncursed ring of protection from cold {unknown}
Wands
 v - a wand of confusion (24/48)
Scrolls
 h - a scroll of blinking {unknown}
 i - 2 scrolls of teleportation {unknown}
 j - a scroll of recharging {unknown}
 l - 3 scrolls of identify {unknown}
 m - a scroll of random uselessness {unknown}
 n - 2 scrolls of magic mapping {unknown}
 p - 2 scrolls of fear {unknown}
 r - a scroll of enchant armour {unknown}
Potions
 b - 3 potions of cancellation {unknown}
 k - 2 potions of degeneration {unknown}
 s - 2 potions of brilliance {unknown}
 t - a potion of magic {unknown}
 u - a potion of might {unknown}
 w - a potion of lignification {unknown}
Books
 e - a book of Geomancy

   Spells                             Type                      Level
   a - Sandblast                      Earth                        1
   b - Passwall                       Transmutation/Earth          2
   c - Stone Arrow                    Conjuration/Earth            3
   d - Petrify                        Transmutation/Earth          4
   e - Lee's Rapid Deconstruction     Earth                        5
Comestibles
 d - 3 bread rations
 g - 2 meat rations


   Skills:
 * Level 3.3 Dodging
 * Level 2.6 Stealth
 + Level 4.2 Spellcasting
 + Level 0.4 Conjurations
 * Level 1.9 Transmutations
 * Level 4.3 Earth Magic


You had 5 spell levels left.
You knew the following spells:

 Your Spells              Type           Power        Failure   Level  Hunger
a - Sandblast             Erth           ###...       1%          1    None
b - Passwall              Tmut/Erth      ###.......   4%          2    #......
c - Stone Arrow           Conj/Erth      ##....       13%         3    ###....


Dungeon Overview and Level Annotations

Branches:
Dungeon (3/15)

Altars:
Fedhas
Makhleb
Qazlal
Xom

Annotations:
D:3 Sigmund


Message History

Sigmund gestures wildly while chanting.
Sigmund flickers and vanishes!
Deactivating autopickup; reactivate with Ctrl-A.
Casting: Stone Arrow
Confirm with . or Enter, or press ? or * to list all spells.
Aiming: Stone Arrow
Press: ? - help, Shift-Dir - straight line, f - orc
Aim: an orc The stone arrow misses the orc.
The stone arrow hits the orc.
You kill the orc!
Qazlal accepts your kill.
The orc shouts!
The orc priest invokes the aid of Beogh against you.
Beogh smites you!
Ouch! That really hurt!
You hear a shout!
The orc priest looks satisfied for a moment.
The orc priest invokes the aid of Beogh against you.
Beogh smites you!
You die...

######## #......# #####
###############......#####....
#>.....o...o.@'......'...)....
#.###o#########......#####....
#.# ######## #.... #o# #....
#....# ###.... ......+ +......
........# ####... .....o....#
#... ......$...# #...


You could see an orc priest and an orc.

Vanquished Creatures
  A gnoll (D:1)
  3 adders
  An ooze (D:1)
  A dart slug (D:1)
  3 leopard geckos
  An orc (D:3)
  2 giant cockroaches (D:2)
  7 goblins
  5 hobgoblins
  3 jackals (D:2)
  7 kobolds
  3 quokkas (D:2)
  8 bats
  5 frilled lizards
  6 rats
56 creatures vanquished.

Notes
Turn   | Place    | Note
-------+----------+-------------------------------------------
     0 | D:1      | Linguinho the Deep Elf Earth Elementalist began the quest for the Orb.
     0 | D:1      | Reached XP level 1. HP: 10/10 MP: 6/6
    83 | D:1      | Reached XP level 2. HP: 15/15 MP: 0/8
    88 | D:1      | Learned a level 2 spell: Passwall
   611 | D:1      | Reached XP level 3. HP: 14/19 MP: 3/10
   734 | D:1      | Learned a level 3 spell: Stone Arrow
  1422 | D:2      | Found a stormy altar of Qazlal.
  1431 | D:2      | Became a worshipper of Qazlal Stormbringer
  1485 | D:2      | Reached XP level 4. HP: 22/24 MP: 7/11
  1634 | D:2      | Found a blossoming altar of Fedhas.
  2020 | D:2      | Found a shimmering altar of Xom.
  2022 | D:2      | Found a burning altar of Makhleb.
  2195 | D:3      | Noticed Sigmund
  2207 | D:3      | Killed from afar by an orc priest

Skill      XL: |  1  2  3  4 |
---------------+-------------+-----
Dodging        | 3 |  3.3
Earth Magic    | 4 |  4.3
Spellcasting   | 4 |  4.2
Stealth        | |  2.6
Conjurations   | |  0.4
Transmutations | |  1.9

Action                   |  1- 3 |  4- 6 || total
-------------------------+-------+-------++-------
Melee: Unarmed           |     2 |       ||     2
       Dagger            |    22 |    23 ||    45
 Cast: Sandblast         |    37 |    11 ||    48
       Stone Arrow       |    10 |    13 ||    23
       Passwall          |     1 |       ||     1
 Stab: Sleeping          |     2 |     2 ||     4
  Eat: Royal jelly       |     1 |       ||     1
       Chunk             |       |     3 ||     3
Armor: Robe              |     9 |    20 ||    29
Dodge: Dodged            |    47 |    29 ||    76
